 Dungeon Crawl Stone Soup version 0.29.1-12-g30fa7ad0bf (webtiles) character file.

Game seed: 787426886417366274

2 FexLirch the Grave Robber (level 1, 0/13 HPs)
             Began as a Human Necromancer on Jan 6, 2023.
             Slain by a jackal (2 damage)
             ... on level 1 of the Dungeon.
             The game lasted 00:00:27 (95 turns).

FexLirch the Grave Robber (Human Necromancer)         Turns: 95, Time: 00:00:27

Health: 0/13       AC:  2    Str:  8    XL:     1   Next: 44%
Magic:  0/3        EV: 12    Int: 15    God:
Gold:   0          SH:  0    Dex: 13    Spells: 3/4 levels left

rFire   . . .      SeeInvis .   (no weapon)
rCold   . . .      Faith    .   (no shield)
rNeg    . . .      Spirit   .   a - +0 robe
rPois   .          Reflect  .   (no helmet)
rElec   .          Harm     .   (no cloak)
rCorr   .          Rampage  .   (no gloves)
Will    .....                   (no boots)
Stlth   ++........              (no amulet)
HPRegen 0.04/turn               (no ring)
MPRegen 0.08/turn               (no ring)

@: no status effects
A: no striking features
a: no special abilities


You were on level 1 of the Dungeon.
You visited 1 branch of the dungeon, and saw 1 of its levels.

Inventory:

Armour
 a - a +0 robe (worn)
Potions
 b - a potion of magic


   Skills:
 - Level 2.0 Dodging
 - Level 2.0 Stealth
 + Level 2.1 Spellcasting
 + Level 4.0 Necromancy


You had 3 spell levels left.
You knew the following spells:

 Your Spells              Type           Power      Damage    Failure   Level
a - Necrotise             Necr           52%        1d6       4%          1

Your spell library contained the following spells:

 Spells                   Type           Power      Damage    Failure   Level
 Vampiric Draining        Necr           13%        2d6       12%         3
 Animate Dead             Necr           13%        N/A       38%         4
 Agony                    Necr           13%        N/A       75%         5


Dungeon Overview and Level Annotations

Branches:
Dungeon (1/15)

Altars:


Message History

Your jackal skeleton barely misses the jackal.
You hit the jackal but do no damage.
The jackal is moderately wounded.
The jackal bites you.
* * * LOW HITPOINT WARNING * * *
You closely miss the jackal.
The jackal is moderately wounded.
The jackal bites you but does no damage.
Your jackal skeleton bites the jackal but does no damage.
The jackal completely misses you.
You barely miss the jackal.
The jackal is moderately wounded.
Your jackal skeleton closely misses the jackal.
The jackal barely misses you.
Your jackal skeleton bites the jackal.
You hit the jackal.
The jackal is heavily wounded.
The jackal closely misses you.
Your jackal skeleton misses the jackal.
The jackal misses you.
You hit the jackal.
The jackal is severely wounded.
Your jackal skeleton barely misses the jackal.
The jackal barely misses you.
You hit the jackal.
The jackal is almost dead.
The jackal bites you but does no damage.
Your jackal skeleton misses the jackal.
You hit the jackal but do no damage.
The jackal is almost dead.
The jackal barely misses you.
Your jackal skeleton bites the jackal.
The jackal bites your jackal skeleton.
The jackal bites you but does no damage.
You barely miss the jackal.
The jackal is almost dead.
Your jackal skeleton completely misses the jackal.
The jackal closely misses you. The jackal bites your jackal skeleton.
Your jackal skeleton barely misses the jackal.
You hit the jackal but do no damage.
The jackal is severely wounded.
The jackal bites you.
You die...

########'#+#'#####
#.................
#.................
##'###..##...##..## #..#
#..##...##..#
#.##♣#...........#♣
###..#♣#...........#♣
##.##.#♣#...........#♣
...#@#♣#...........#♣
..#h#♣#...........#♣
######)#h#♣#..##...##..#♣
...h..h#Z# #..##...##..#
#.'.#♣#...........#♣
#####♣#...........#.
♣#...........#
#...........#♣
♣#...........#♣


You could see 2 jackals and a friendly jackal skeleton.

Vanquished Creatures
  A jackal (D:1)
  A rat (D:1)
2 creatures vanquished.

Vanquished Creatures (collateral kills)
  A ball python (D:1)
1 creature vanquished.

Grand Total: 3 creatures vanquished

Notes
Turn   | Place    | Note
-------+----------+-------------------------------------------
     0 | D:1      | FexLirch the Human Necromancer began the quest for the Orb.
     0 | D:1      | Reached XP level 1. HP: 13/13 MP: 3/3
    95 | D:1      | Slain by a jackal

Illustrated notes

Levels and vault maps discovered:
D:1:      beargit_arrival_diablo_church, layout_loops_ring, serial_glass,
          glass_columns_b, glass_columns_a

Action                   || total
-------------------------++-------
Melee: Unarmed           ||    13
 Cast: Necrotise         ||     5
Armor: Robe              ||     3
Dodge: Dodged            ||     8
